 Dungeon Sprint DCSS version 0.31-a0-7-g51783674b7 (webtiles) character file.

Game seed: 15146481918677901635

107 howech the Covert (level 4, -6/27 HPs)
             Began as an Octopode Enchanter on May 5, 2023.
             Killed from afar by Sigmund (9 damage)
             ... with a puff of flame
             ... in the Dungeon (Sprint I: "Red Sonja").
             The game lasted 00:03:06 (56 turns).

howech the Covert (Octopode Enchanter)                Turns: 56, Time: 00:03:07

Health: -6/27      AC:  1    Str:  7    XL:     4   Next: 86%
Magic:  8/9        EV: 14    Int: 19    God:
Gold:   54         SH:  0    Dex: 12    Spells: 8/10 levels left

rFire   . . .        a - +1 dagger
rCold   . . .        (no shield)
rNeg    . . .        (helmet restricted)
rPois   .            (no amulet)
rElec   .            (no ring)
rCorr   .            (no ring)
SInv    .            (no ring)
Will    .....        (no ring)
Stlth   +++++        (no ring)
HPRegen 0.24/turn    (no ring)
MPRegen 0.11/turn    (no ring)
                     (no ring)

%: no teleportation
@: no status effects
A: almost no armour, amphibious, 8 rings, camouflage 1, gelatinous body 1,
(nimble swimmer 1), tentacles
a: no special abilities


You were in the Dungeon.
You visited 1 branch You collected 54 gold pieces.

Inventory:

Hand Weapons
 a - a +1 dagger (weapon)
Wands
 g - a wand of iceblast (4)
Scrolls
 h - a scroll of blinking
Potions
 b - a potion of invisibility
 c - a potion of curing
 e - a potion of haste
 f - 2 potions of magic


   Skills:
 + Level 3.3 Short Blades
 + Level 3.8 Dodging
 * Level 8.1 Stealth
 + Level 3.7 Spellcasting
 + Level 4.4 Hexes
 + Level 3.1 Ice Magic


You had 8 spell levels left.
You knew the following spells:

 Your Spells              Type           Power      Damage    Failure   Level
a - Ensorcelled Hibernat  Hex/Ice        34%        N/A       4%          2

Your spell library contained the following spells:

 Spells                   Type           Power      Damage    Failure   Level
 Confusing Touch          Hex            20%        N/A       7%          3
 Tukima's Dance           Hex            20%        N/A       7%          3
 Dazzling Flash           Conj/Hex       24%        N/A       17%         3


Dungeon Overview and Level Annotations

Branches:
Dungeon (1/1)

Altars:

Annotations:
D Sigmund


Innate Abilities, Weirdness & Mutations

You cannot wear most types of armour.
You are amphibious.
You can wear up to eight rings at the same time.
Your skin changes colour to match your surroundings (Stealth+).
Your rubbery body absorbs attacks. (AC +1, EV +1)
((You are camouflaged when in or above water. (Stealth+)))
You have tentacles for arms and can constrict up to eight enemies at once.


Message History

You're too confused to cast spells.
Sorry, you're not good enough to have a special ability.
Unknown command.
Sigmund attacks as you move away! Sigmund barely misses you.
Sigmund closely misses you.
Okay, then.
You bump into the stone wall.
Sigmund closely misses you.
You feel less confused. Sigmund casts a spell at you. The magic dart hits you!
Unknown command.
Sigmund mumbles some strange words.
Sigmund flickers and vanishes!
Deactivating autopickup; reactivate with Ctrl-A.
There is an open door here.
Something hits you.
There is an open door here.
You feel yourself speed up.
You close the door.
Something unseen breaks down the door.
Unknown command.
Unknown command.
Okay, then.
A magic dart appears from out of thin air!
The magic dart hits you.
A magic dart appears from out of thin air!
The magic dart hits you!
* * * LOW HITPOINT WARNING * * *
There is a fountain of clear blue water here.
You feel much better. Something hits you! Something hits you.
Something hits you!
* * * LOW HITPOINT WARNING * * *
Something barely misses you.
There is a broken door here.
There is an open door here.
You recover from your berserk rage.
A puff of flame appears from out of thin air!
The puff of flame hits you!
You die...

#############
#<.#.)'@.#..+
#..{..#.)'..#
#..#####'####
#..# #..#
#..# ####
#..# #⌠⌠#
####


There were no monsters in sight!

Vanquished Creatures
  An ogre (D)
  Ijyb (D)
2 creatures vanquished.

Notes
Turn   | Place    | Note
-------+----------+-------------------------------------------
     0 | D        | howech the Octopode Enchanter began the quest for the Orb.
     0 | D        | Reached XP level 1. HP: 11/11 MP: 3/3
     4 | D        | Noticed Ijyb
     7 | D        | Killed Ijyb
     8 | D        | Reached skill level 6 in Stealth
     8 | D        | Reached skill level 1 in Ice Magic
     8 | D        | Reached XP level 2. HP: 17/17 MP: 3/5
     8 | D        | Reached XP level 3. HP: 21/21 MP: 4/7
    14 | D        | Learned a level 2 spell: Ensorcelled Hibernation
    16 | D        | Noticed an ogre
    19 | D        | Killed an ogre
    20 | D        | Reached skill level 8 in Stealth
    20 | D        | Reached XP level 4. HP: 27/27 MP: 5/9
    30 | D        | Noticed Sigmund
    51 | D        | HP: 1/27 [something (12)]
    56 | D        | Killed from afar by Sigmund

Illustrated notes

Levels and vault maps discovered:
D:        dungeon_sprint_1 [red_sonja_temple_1, red_sonja_temple_small_1]

Skill      XL: |  1  2  3 |
---------------+----------+-----
Short Blades   | 2 3 |  3.3
Stealth        | 6 8 |  8.1
Ice Magic      | 1 3 |  3.1
Dodging        | 3 |  3.8
Spellcasting   | 3 |  3.7
Hexes          | 4 |  4.4

Action                     |  1- 3 |  4- 6 || total
---------------------------+-------+-------++-------
  Melee: Dagger            |     3 |       ||     3
   Cast: Ensorcelled Hiber |       |     1 ||     1
    Use: Potion            |     2 |     1 ||     3
   Stab: Invisible         |     1 |       ||     1
         Sleeping          |     1 |       ||     1
  Dodge: Dodged            |     1 |     6 ||     7

Table legend: (Time is in decaauts)
 A = Elapsed time spent in this place.
 B = Non-inter-level travel time spent in this place.
 C = Inter-level travel time spent in this place.
 D = Time resting spent in this place.
 E = Time spent auto-exploring this place.
 F = Levels seen in this place.
 G = Mean time per level.
                   A        B        C        D        E       F      G
               +--------+--------+--------+--------+--------+-----+--------+
         Total |     68 |     68 |      0 |      0 |      0 |   1 |   68.0 |
       Dungeon |     68 |     68 |      0 |      0 |      0 |   1 |   68.0 |
               +--------+--------+--------+--------+--------+-----+--------+

Top non-repeatable levels by time:
       D: 68 daAuts
